Unix NetHack Version 5.0.0-0 post-release - last build Jul 14 2026 02:55:29 (1809b74e8187c3a3585e283601c3028b46cbbdcb,branch:main).

Game began 2026-07-16 03:11:37, ended 2026-07-16 04:41:45.

KnightLite, chaotic female elven Ranger

                                          |
                            --.         ..
              ---          --...
              |.|         .|.......
             --.|        ..........
             |..|       ......---.-              o
         ----...|      ....---  |.|      o        o
       ---.|..[.|     -.. -     |.|        o
       ..@......|     |).-    ---.---
      --.....----     |..|    |..)..|             o
    ..|.@C.|.---------|.)|    |.._[.|
  |.....---|..[(.%).*--...####......|
  |<..---  ------.......--    -------
  -----         ---------
KnightLite the Trailblazer   St:15 Dx:13 Co:15 In:13 Wi:14 Ch:8  Chaotic
Dlvl:6  $:1819 HP:0(49) Pw:46(46) AC:2  Xp:7 T:3832 

Latest messages:
 You kill the acid blob!
 You miss the jackal.
 The jackal misses!
 You miss the jackal.
 The jackal misses!
 You kill the jackal!
 There is a jackal corpse here; eat it? [ynq] (n) y
 This jackal corpse tastes terrible!
 You finish eating the jackal corpse.
 You see here a mummy wrapping.
 There is a staircase down to level 6 here.
 Something is engraved here on the stairs.
 You read: "Elbereth".
 You see here a dagger.
 You descend the stairs.
 Orcrist glimmers light blue!
 You hear some noises in the distance.
 You hear someone beseeching Mars.
 The plains centaur drinks a dark potion!
 The plains centaur is suddenly moving faster.
 The plains centaur wields a broad pick!
 The broad pick welds itself to the plains centaur's hands!
 The plains centaur rummages through a bag called bag 1.
 The plains centaur rummages through a bag called bag 1.
 The plains centaur rummages through a bag called bag 1.
 The plains centaur rummages through a bag called bag 1.
 The plains centaur drinks a brilliant blue potion!
 The plains centaur briefly seems to be transparent.
 For some reason, the plains centaur's presence is known to you.
 You feel aggravated at the plains centaur.
 The plains centaur hurls a potion of paralysis!
 The bottle crashes on your head and breaks into shards.
 The potion of paralysis evaporates.
 Something seems to be holding you.
 The plains centaur removes a yellow gem from a bag called bag 1.
 He removes a spiked wand.
 The plains centaur swings his broad pick.
 The plains centaur hits!
 The plains centaur kicks!
 The plains centaur swings his broad pick.
 The plains centaur hits!
 The plains centaur kicks!
 The plains centaur swings his broad pick.
 The plains centaur hits!
 The plains centaur kicks!
 The plains centaur swings his broad pick.
 The plains centaur hits!
 You die...
 Do you want your possessions identified? [ynq] (y) y
 Do you want to see your attributes? [ynq] (y) q

Inventory:
 Coins    ('$')
  $ - 1819 gold pieces
 Weapons  (')')
  B - 5 +0 arrows
  z - 33 +4 elven arrows (in quiver)
  d - 3 +0 elven arrows
  Y - 9 poisoned +0 orcish arrows
  b - a +1 elven bow (alternate weapon; not wielded)
  a - the +1 Sting
  s - the cursed -1 Orcrist (weapon in right hand, glimmering light blue)
 Armor    ('[')
  c - an uncursed +0 helmet
  E - an uncursed +0 pair of iron shoes
  H - a cursed +3 cloak of magic resistance
  e - an uncursed +2 elven cloak (being worn)
  m - an uncursed +0 elven mithril-coat (being worn)
 Comestibles  ('%')
  i - an uncursed food ration
  f - 3 uncursed lembas wafers
  T - an uncursed tripe ration
 Scrolls  ('?')
  p - 2 cursed scrolls of confuse monster
  q - an uncursed scroll of destroy armor
  N - a cursed scroll of destroy armor
  o - an uncursed scroll of earth
  V - an uncursed scroll of enchant armor
  O - a cursed scroll of food detection
  M - a cursed scroll of remove curse
 Potions  ('!')
  I - a cursed potion of booze
  U - a cursed potion of levitation
  Z - an uncursed potion of monster detection
  g - an uncursed potion of paralysis
  D - an uncursed potion of restore ability
  k - an uncursed potion of sleeping
 Rings    ('=')
  K - an uncursed ring of conflict
  J - a cursed ring of fire resistance
  P - an uncursed ring of protection from shape changers
 Wands    ('/')
  L - a wand of cancellation (0:5)
  S - a wand of digging (0:5)
  Q - a cursed wand of make invisible (0:8)
  j - a wand of undead turning (0:3)
 Tools    ('(')
  l - an empty uncursed sack
  A - a cursed blindfold
  r - a magic marker (0:22)
  R - a cursed magic marker (0:19)
 Gems/Stones  ('*')
  n - an uncursed luckstone

KnightLite the Ranger's attributes:

Background:
 You were a Trailblazer, a level 7 female elven Ranger.
 You were chaotic, on a mission for Mars
 who was opposed by Mercury (lawful) and Venus (neutral).
 You were right-handed.
 You were in the Gnomish Mines, on level 6.
 You entered the dungeon 3832 turns ago.
 It was nighttime.
 There was a new moon in effect when your adventure ended.
 You had 984 experience points, 296 more were needed to attain level 8.

Basics:
 You had 0 out of 49 hit points.
 You had all 46 energy points (spell power).
 Your armor class was 2.
 Your wallet contained 1819 zorkmids.
 Autopickup was on for '0' plus thrown, with exceptions.

Final Characteristics:
 Your strength was 15 (limit:18).
 Your dexterity was 13 (limit:18).
 Your constitution was 15 (limit:16).
 Your intelligence was 13 (limit:20).
 Your wisdom was 14 (limit:20).
 Your charisma was 8 (limit:18).

Final Status:
 You weren't hungry.
 You were unencumbered.
 You were wielding a broadsword.
 You had no skill with broadsword.

Final Attributes:
 You were piously aligned.
 You were sleep resistant.
 You were aware of the presence of orcs.
 You had automatic searching.
 You had infravision.
 You were stealthy.
 You were guarded.
 You were lucky.
 You had extra luck.
 Bad luck did not time out for you.
 Good luck did not time out for you.
 You are dead.

Miscellaneous:
 You encountered 2 bones levels.
 Total elapsed playing time was 1 hour, 30 minutes and 7 seconds.

Major events:
 Turn
    1: KnightLite the chaotic female elven Ranger entered the dungeon
  404: chose an elven dagger to be named "Sting"
  601: read a Discworld novel
  601: attained the rank of Lookout (level 3)
  936: entered the Gnomish Mines
 1692: attained the rank of Trailblazer (level 6)
 2809: reached Mine Town
 2953: chose an elven broadsword to be named "Orcrist"
 3832: killed by a plains centaur, while frozen by a potion

You didn't know any spells.

Skills:
 Fighting Skills
   bare handed combat [Unskilled]
   riding             [Unskilled]
 Weapon Skills
   dagger             [Basic]
   knife              [Unskilled]
   axe                [Unskilled]
   pick-axe           [Unskilled]
   short sword        [Unskilled]
   morning star       [Unskilled]
   flail              [Unskilled]
   hammer             [Unskilled]
   quarterstaff       [Unskilled]
   polearms           [Unskilled]
   spear              [Unskilled]
   trident            [Unskilled]
   bow                [Skilled]
   sling              [Unskilled]
   crossbow           [Unskilled]
   dart               [Unskilled]
   shuriken           [Unskilled]
   boomerang          [Unskilled]
   whip               [Unskilled]
 Spellcasting Skills
   healing spells     [Unskilled]
   divination spells  [Unskilled]
   escape spells      [Unskilled]

Voluntary challenges:
 Character rerolling was not enabled.
 You never genocided any monsters.
 You never polymorphed an object.
 You never changed form.
 You used no wishes.
Achievements:
 You entered a shop.
 You read from a Discworld novel.
 You attained the rank of Lookout.
 You entered the Gnomish Mines.
 You attained the rank of Trailblazer.
 You entered Minetown.
 You entered a temple.

 The Dungeons of Doom: levels 1 to 2
    Level 1:
       A fountain.
    Level 2:
       A scroll shop, an altar to Mars.
       Stairs down to The Gnomish Mines.
 The Gnomish Mines: levels 3 to 6
    Level 3:
    Level 4:
       Final resting place for
          spody-Wiz-Gno-Mal-Neu, poisoned by a rotted gnome corpse, while sleeping.
    Level 5:
    Level 6: <- You were here.
       A temple and an altar to Mars, a grave.
       Final resting place for
          you, killed by a plains centaur, while frozen by a potion,
          Stef75-Arc-Hum-Mal-Neu, killed by a crocodile,
          rhys-Bar-Hum-Mal-Cha, killed by a gargoyle.


Vanquished creatures:
  2 ghosts
  a crocodile
 an orc-captain
  a lizard
  a blue jelly
  2 gnome mummies
  3 Mordor orcs
  2 Uruk-hai
  a rock piercer
  2 fog clouds
  5 gnome leaders
  2 gnomish wizards
  a paper golem
  4 giant ants
  a little dog
  a floating eye
  2 kittens
  7 dwarves
  a rothe
  3 orc zombies
  a wererat
  a werejackal
  3 iguanas
  2 acid blobs
  a coyote
  a gas spore
  a hobbit
  2 large kobolds
  a hobgoblin
  a giant rat
  a green mold
 21 gnomes
  a garter snake
  a gecko
 15 jackals
  4 kobolds
  3 goblins
  7 grid bugs
  a kobold zombie
  3 newts
114 creatures vanquished.

No species were genocided or became extinct.

Game over:
                       ----------
                      /          \
                     /    REST    \
                    /      IN      \
                   /     PEACE      \
                  /                  \
                  |    KnightLite    |
                  |     1819 Au      |
                  |   killed by a    |
                  |  plains centaur  |
                  |                  |
                  |                  |
                  |       2026       |
                 *|     *  *  *      | *
        _________)/\\_//(\/(/\)/\//\/|_)_______

Goodbye KnightLite the Ranger...

You died in The Gnomish Mines on dungeon level 6 with 5844 points,
and 1819 pieces of gold, after 3832 moves.
You were level 7 with a maximum of 49 hit points when you died.

